 Dungeon Crawl Stone Soup version 0.21-a0-521-g1cd18d1 (webtiles) character file.

98 slep the Chopper (level 4, -4/38 HPs)
             Began as a Barachi Monk on Dec 6, 2017.
             Slain by Natasha (8 damage)
             ... on level 2 of the Dungeon.
             The game lasted 00:04:14 (1331 turns).

slep the Chopper (Barachi Monk)                     Turns: 1331, Time: 00:04:15

Health: -4/38      AC:  5    Str: 14    XL:     4   Next: 69%
Magic:  4/4        EV: 12    Int: 10    God:
Gold:   82         SH:  0    Dex: 14    Spells: 3/3 levels left

rFire    . . .     SeeInvis .   a - +0 hand axe
rCold    . . .     Gourm    .   (no shield)
rNeg     . . .     Faith    .   f - +0 ring mail {rPois}
rPois    +         Spirit   .   (no helmet)
rElec    .         Reflect  .   (no cloak)
rCorr    .         Harm     .   (no gloves)
MR       .....                  (no boots)
Stlth    +.........             (no amulet)
HPRegen  0.12/turn              (no ring)
MPRegen  0.09/turn              (no ring)

@: slowed, very slow
A: +LOS, swims, slowness 1, strong legs 1
a: Hop


You were on level 2 of the Dungeon.
You were not hungry.

You visited 1 branch of the dungeon, and saw 2 of its levels.

You collected 82 gold pieces.

Inventory:

Hand Weapons
 a - a +0 hand axe (weapon)
Armour
 b - a +0 robe
 f - a +0 ring mail of poison resistance (worn)
 j - a +0 scale mail
Scrolls
 d - a scroll of teleportation {unknown}
 h - a scroll of enchant weapon {unknown}
 i - a scroll of enchant armour {unknown}
 n - a scroll of identify {unknown}
Potions
 e - 2 potions of degeneration {unknown}
 g - a potion of mutation {unknown}
 k - a potion of curing {unknown}
 m - a potion of lignification {unknown}
Comestibles
 c - 2 bread rations
 l - a fruit
 o - a meat ration
 p - 3 chunks of flesh


   Skills:
 + Level 4.4 Fighting
 + Level 4.5 Axes
 + Level 1.1 Armour
 + Level 3.9 Dodging
 + Level 2.0 Stealth


You had 3 spell levels left.
You didn't know any spells.

Dungeon Overview and Level Annotations

Branches:
Dungeon (2/15)

Altars:

Annotations:
D:2 Natasha


Innate Abilities, Weirdness & Mutations

Shadows flee at your approach. (+LOS)
You can swim through water.
You cover ground slowly.
You can hop short distances.


Message History

The bat hits you but does no damage.
You hit the bat.
You kill the bat!
You see here a bat corpse.
You butcher the bat corpse.
p - 3 chunks of flesh (gained 1)
You start resting.
Natasha, Servant of Life and Death comes into view.
A worm comes into view.
Natasha stares at you and mumbles some strange words.
You feel yourself slow down. Natasha claws you. Natasha claws you!
* * * LOW HITPOINT WARNING * * *
You barely miss Natasha. Natasha claws you.
* * * LOW HITPOINT WARNING * * *
You closely miss Natasha. Natasha claws you.
* * * LOW HITPOINT WARNING * * *
Natasha misses you.
You closely miss Natasha. Natasha claws you!
You die...

#.....##..#.# #.
#...## ..
....###.###.<.#
.....#.# #.
...####.###..##
#.#...#.# . ...
#....>...##
###.##..#.. .
......#####...### ..w
#. <.. . ##....##.#
#. #.. ##..##.#..# ..
.... #....#.[.# ##.#
....$..†)#....@h#
....................#
...............#...##
...............#####
...?.....?[...##
..............#
...........####
############


You could see Natasha.

Vanquished Creatures
  Terence (D:2)
  Natasha (D:2)
  2 oozes (D:2)
  A worm (D:2)
  2 dart slugs
  A leopard gecko (D:2)
  6 bats
  A giant cockroach (D:1)
  2 goblins (D:2)
  3 hobgoblins
  2 jackals (D:2)
  6 kobolds
  A quokka (D:2)
  A ball python (D:1)
  4 rats (D:1)
34 creatures vanquished.

Notes
Turn   | Place    | Note
-------+----------+-------------------------------------------
     0 | D:1      | slep the Barachi Monk began the quest for the Orb.
     0 | D:1      | Reached XP level 1. HP: 18/18 MP: 1/1
   251 | D:1      | Reached XP level 2. HP: 18/25 MP: 2/2
   702 | D:2      | Noticed Terence
   719 | D:2      | Killed Terence
   719 | D:2      | Reached XP level 3. HP: 11/30 MP: 3/3
   774 | D:2      | HP: 1/30 [worm (2)]
  1090 | D:2      | Reached XP level 4. HP: 33/38 MP: 4/4
  1210 | D:2      | Noticed Natasha
  1232 | D:2      | Killed Natasha
  1232 | D:2      | Reached skill level 1 in Armour
  1325 | D:2      | Noticed Natasha
  1331 | D:2      | Slain by Natasha

Vault maps used:
D:1:      lightli_arrival_windingriver
D:2:      uniq_natasha, uniq_terence

Skill      XL: |  1  2  3  4 |
---------------+-------------+-----
Fighting       | 4 |  4.4
Axes           | 4 |  4.5
Stealth        | 2 |  2.0
Armour         | 1 |  1.1
Dodging        | |  3.9

Action                   |  1- 3 |  4- 6 || total
-------------------------+-------+-------++-------
Melee: Hand axe          |    90 |    40 ||   130
  Use: Potion            |     4 |       ||     4
 Stab: Sleeping          |     1 |       ||     1
  Eat: Chunk             |     1 |     1 ||     2
Armor: Robe              |     6 |       ||     6
       Scale mail        |     8 |       ||     8
       Ring mail         |     6 |    21 ||    27
Dodge: Dodged            |    58 |    37 ||    95

Table legend:
 A = Spawn XP
 B = Non-spawn XP
 C = Spawn XP percentage of total XP
 D = Spawn monster count
 E = Non-spawn monster count
 F = Spawn count percentage of total count
 G = Total turns spent on level
                    A         B        C        D         E        F      G
               +---------+---------+-------+---------+---------+-------+---------
         Total |       0 |     140 |   0.0 |       0 |      34 |   0.0 |  1331
               +---------+---------+-------+---------+---------+-------+---------
           D:1 |       0 |      27 |   0.0 |       0 |      17 |   0.0 |   702
           D:2 |       0 |     113 |   0.0 |       0 |      17 |   0.0 |   629
               +---------+---------+-------+---------+---------+-------+---------
